 Dungeon Crawl Stone Soup version 0.23.2-40-g277498a001 (webtiles) character file.

Game seed: 9072961226915530057

1722 Leekoo the Spear-Bearer (level 9, -1/69 HPs)
             Began as a Merfolk Abyssal Knight on Sept 30, 2019.
             Was a Priest of Lugonu.
             Slain by a killer bee (2 damage)
             ... on level 4 of the Dungeon.
             The game lasted 00:46:23 (7439 turns).

Leekoo the Spear-Bearer (Merfolk Abyssal Knight)    Turns: 7439, Time: 00:46:24

Health: -1/69      AC: 12    Str: 15    XL:     9   Next: 4%
Magic:  11/12      EV: 13    Int: 11    God:    Lugonu [***...]
Gold:   214        SH:  0    Dex: 17    Spells: 8/8 levels left

rFire    + . .     SeeInvis .   E - +0 glaive
rCold    . . .     Gourm    +   (shield currently unavailable)
rNeg     . . .     Faith    .   t - +2 scale mail {rF+}
rPois    .         Spirit   .   q - +1 hat
rElec    .         Reflect  .   d - +0 cloak
rCorr    +         Harm     .   (no gloves)
MR       .....                  B - +0 pair of boots
Stlth    ..........             b - amulet of the gourmand
HPRegen  0.21/turn              v - ring of resist corrosion
MPRegen  0.13/turn              A - +3 ring of dexterity

@: lethally poisoned (-1 -> -7), invisible
A: change form in water, swift swim, stealthy swim
a: Depart the Abyss, Bend Space, Banish, Renounce Religion


You were on level 4 of the Dungeon.
You worshipped Lugonu.
Lugonu was most pleased with you.
You were not hungry.

You visited 1 branch of the dungeon, and saw 5 of its levels.
You visited the Abyss 1 time.

You collected 214 gold pieces.

Inventory:

Hand Weapons
 E - a +0 glaive (weapon)
Missiles
 w - a throwing net (quivered)
Armour
 d - a +0 cloak (worn)
 k - a +1 chain mail of cold resistance
 n - a +0 robe of magic resistance
 q - a +1 hat (worn)
 t - a +2 scale mail of fire resistance (worn)
 B - a +0 pair of boots (worn)
Jewellery
 b - an amulet of the gourmand (around neck)
 p - a +5 amulet of reflection {unknown}
 r - an uncursed ring of fire
 v - a ring of resist corrosion (left hand)
 A - a +3 ring of dexterity (right hand)
Wands
 x - a wand of polymorph (8)
 D - a wand of enslavement (6)
Scrolls
 e - 2 scrolls of magic mapping {unknown}
 f - a scroll of enchant weapon {unknown}
 g - a scroll of teleportation
 h - a scroll of immolation {unknown}
 i - a scroll of remove curse
 j - a scroll of identify {unknown}
 m - a scroll of fear {unknown}
 y - 2 scrolls of enchant armour {unknown}
Potions
 a - a potion of mutation {unknown}
 l - 4 potions of brilliance {unknown}
 o - a potion of heal wounds {unknown}
 s - 3 potions of flight {unknown}
 u - a potion of might
 z - a potion of degeneration {unknown}
Comestibles
 c - 7 rations


   Skills:
 + Level 6.0 Fighting
 * Level 9.8 Polearms
 + Level 3.3 Armour
 + Level 6.5 Dodging
 + Level 5.3 Invocations


You had 8 spell levels left.
You didn't know any spells.
Your spell library contained the following spells:

 Spells                   Type           Power        Failure   Level  Hunger
 Infusion                 Chrm           #...         78%         1    ##.....


Dungeon Overview and Level Annotations

Branches:
Dungeon (5/15)             Temple (0/1) D:4

Altars:
Sif Muna
Xom
Yredelemnul


Message History

* * * LOW HITPOINT WARNING * * *
You are more poisoned.
The killer bee poisons you! Space bends around you!
You blink.
You feel sick.
You feel sick.
You feel sick. The killer bee barely misses you. x2
The killer bee closely misses you.
You feel sick. The killer bee closely misses you.
The killer bee barely misses you. The killer bee stings you.
* * * LOW HITPOINT WARNING * * *
You feel sick. The killer bee stings you.
* * * LOW HITPOINT WARNING * * *
The killer bee stings you but does no damage. x3
* * * LOW HITPOINT WARNING * * *
You feel sick. The killer bee stings you.
* * * LOW HITPOINT WARNING * * *
You fade into invisibility!
* * * LOW HITPOINT WARNING * * *
You feel sick. The killer bee stings you.
You die...

#...#.#### #.###..# #.##...
#.#.#....# #..###.###......
#.#.##...# ##...#..........
#.#.##...# ###.#####.....#
#.#.##...##### #...###.....#
#.#..#.......#####.........#
#.##.#...###.....###.......#
#.##......######............
#.####...yy@...<.[.........#
#.# #.##.y#########.#.###..
#.# #.##..#####..........##
#.# #y##.#....#..........#
#.# #.#..#....#..........#
#.####.........#######....##
#.##.†>>.##....# #.#....
#.##.†...##...<#######.#....
#.##.....##.................


You could see 3 killer bees.

Vanquished Creatures
  Pikel (D:3)
  Grinder (D:4)
  A slave (D:4)
  An ogre (D:4)
  A phantom (D:3)
  2 killer bees (D:4)
  A howler monkey (D:2)
  4 crimson imps (D:3)
  3 orc priests (D:3)
  Crazy Yiuf (D:4)
  2 iguanas
  Terence (D:2)
  Natasha (D:2)
  2 orc wizards (D:3)
  A worker ant (D:2)
  15 gnolls
  5 adders
  2 oozes (D:2)
  An adder zombie (D:5)
  A worm (D:2)
  6 dart slugs
  3 leopard geckos (D:1)
  12 orcs
  2 giant cockroaches
  6 goblins
  13 hobgoblins
  4 jackals (D:4)
  A quokka (D:2)
  A ball python (D:3)
  4 bats
  6 frilled lizards
  8 kobolds
  7 rats
  A bush (D:4)
121 creatures vanquished.

Vanquished Creatures (others)
  A howler monkey (D:4)
  An orc (D:4)
  A giant cockroach (D:4)
3 creatures vanquished.

Grand Total: 124 creatures vanquished

Notes
Turn   | Place    | Note
-------+----------+-------------------------------------------
     0 | Abyss:1  | Leekoo the Merfolk Abyssal Knight began the quest for the
                  | Orb.
     0 | Abyss:1  | Reached XP level 1. HP: 18/18 MP: 2/2
    68 | D:1      | Escaped the Abyss
   264 | D:1      | Reached XP level 2. HP: 24/24 MP: 3/3
   604 | D:1      | Reached ** piety under Lugonu
   664 | D:1      | Reached XP level 3. HP: 29/29 MP: 4/4
   846 | D:1      | Reached skill level 4 in Polearms
  1803 | D:2      | Reached XP level 4. HP: 36/37 MP: 5/5
  1812 | D:2      | Reached skill level 1 in Armour
  2270 | D:2      | Noticed Terence
  2318 | D:2      | Killed Terence
  2318 | D:2      | Reached skill level 5 in Polearms
  2318 | D:2      | Reached XP level 5. HP: 35/42 MP: 7/7
  3509 | D:3      | Reached XP level 6. HP: 48/48 MP: 8/8
  3911 | D:3      | Noticed Natasha
  3941 | D:2      | Killed Natasha
  3941 | D:2      | Reached skill level 6 in Polearms
  4143 | D:3      | Found a basalt altar of Yredelemnul.
  4165 | D:3      | Reached *** piety under Lugonu
  4433 | D:3      | Found a deep blue altar of Sif Muna.
  4701 | D:3      | Reached XP level 7. HP: 29/55 MP: 9/9
  4842 | D:3      | Identified Sif Muna's Incunabulum of Augmentations
  4981 | D:3      | HP: 2/55 [orc/+4 whip (1)]
  5801 | D:3      | Reached skill level 7 in Polearms
  5865 | D:4      | Found a shimmering altar of Xom.
  5929 | D:4      | Noticed Pikel
  5946 | D:3      | Reached skill level 5 in Dodging
  5969 | D:3      | Reached skill level 5 in Fighting
  6264 | D:5      | Entered Level 5 of the Dungeon
  6378 | D:4      | Found a runed translucent door.
  6379 | D:4      | Noticed Crazy Yiuf
  6394 | D:4      | Killed Crazy Yiuf
  6394 | D:4      | Reached XP level 8. HP: 48/62 MP: 11/11
  6575 | D:4      | Reached skill level 8 in Polearms
  6584 | D:4      | Noticed Grinder
  6599 | D:3      | Killed Pikel
  6599 | D:3      | Reached skill level 9 in Polearms
  6840 | D:4      | Killed Grinder
  6840 | D:4      | Reached skill level 5 in Invocations
  6949 | D:4      | Found a staircase to the Ecumenical Temple.
  7288 | D:4      | Reached XP level 9. HP: 51/69 MP: 12/12
  7438 | D:4      | HP: 2/69 [killer bee (5)]
  7439 | D:4      | Slain by a killer bee

Skill      XL: |  1  2  3  4  5  6  7  8  9 |
---------------+----------------------------+-----
Dodging        | 3 4 5 6 |  6.5
Polearms       | 4 5 6 7 9 |  9.8
Armour         | 1 2 3 |  3.3
Fighting       | 4 5 6 |  6.0
Invocations    | 3 4 5 |  5.3

Action                   |  1- 3 |  4- 6 |  7- 9 || total
-------------------------+-------+-------+-------++-------
Melee: Spear             |   157 |   260 |       ||   417
       Halberd           |       |    47 |   109 ||   156
       Tailslap          |       |     2 |       ||     2
       Glaive            |       |       |    78 ||    78
Invok: Bend Space        |       |     4 |     5 ||     9
  Use: Scroll            |       |     4 |       ||     4
       Potion            |       |       |     1 ||     1
 Stab: Sleeping          |     1 |       |       ||     1
       Invisible         |       |       |     2 ||     2
  Eat: Chunk             |     3 |     9 |    17 ||    29
Armor: Leather armour    |    35 |       |       ||    35
       Chain mail        |    41 |   138 |    18 ||   197
       Scale mail        |       |       |    77 ||    77
Dodge: Dodged            |    74 |    77 |   137 ||   288
